 Dungeon Crawl Stone Soup version 0.29.0-7-g18a832c13a (webtiles) character file.

Game seed: 3214014718366282741

244 ProzacElf the Covered (level 5, 0/35 HPs)
             Began as a Demonspawn Wanderer on Aug 30, 2022.
             Was a Follower of Ru.
             Slain by a gnoll
             ... wielding a +0 halberd
              (2 damage)
             ... on level 4 of the Dungeon.
             The game lasted 00:11:52 (4345 turns).

ProzacElf the Covered (Demonspawn Wanderer)         Turns: 4345, Time: 00:11:53

Health: 0/35       AC:  8    Str: 13    XL:     5   Next: 83%
Magic:  8/8        EV: 10    Int: 13    God:    Ru [*.....]
Gold:   153        SH:  0    Dex: 14    Spells: 7/8 levels left

rFire   + . .      SeeInvis .   a - +4 war axe of Laceration {vorpal, rF+ rN+ Will-}
rCold   . . .      Faith    .   (no shield)
rNeg    + . .      Spirit   .   j - +0 ring mail
rPois   .          Reflect  .   h - +0 helmet
rElec   .          Harm     .   y - scarf {shadows}
rCorr   .          Rampage  .   m - +0 pair of gloves
Will    .....                   (no boots)
Stlth   ++........              B - amulet of the acrobat
HPRegen 0.11/turn               k - ring of wizardry
MPRegen 0.11/turn               (no ring)

@: unable to drink
A: claws 1, inability to drink after injury 2
a: Renounce Religion


You were on level 4 of the Dungeon.
You worshipped Ru.
Ru was aware of your devotion.
You visited 1 branch of the dungeon, and saw 4 of its levels.

You collected 193 gold pieces.
You spent 40 gold pieces at shops.

Inventory:

Hand Weapons
 a - the +4 war axe of Laceration (weapon) {vorpal, rF+ rN+ Will-}
   (You found it on level 2 of the Dungeon)

   It inflicts extra damage upon your enemies.
   rF:        It protects you from fire.
   rN:        It protects you from negative energy.
   Will:      It decreases your willpower.
 b - a +1 sling of flaming
 l - a +0 hand axe
 n - a +0 short sword
 s - a +0 spear
Missiles
 i - 6 javelins
 r - 2 poisoned darts
Armour
 d - a +0 robe
 h - a +0 helmet (worn)
 j - a +0 ring mail (worn)
 m - a +0 pair of gloves (worn)
 y - a scarf of shadows (worn)
 E - a +0 chain mail
Jewellery
 k - a ring of wizardry (left hand)
 B - an amulet of the acrobat (around neck)
Wands
 A - a wand of flame (10)
 D - a wand of paralysis (3)
Scrolls
 c - a scroll of butterflies
 g - 3 scrolls of identify {unknown}
 o - 3 scrolls of amnesia {unknown}
 p - a scroll of teleportation
 q - a scroll of vulnerability {unknown}
 v - a scroll of blinking {unknown}
 w - a scroll of fear {unknown}
 x - a scroll of noise {unknown}
 H - a scroll of poison {unknown}
Potions
 e - 2 potions of haste {unknown}
 f - a potion of berserk rage {unknown}
 t - a potion of attraction {unknown}
 u - a potion of cancellation {unknown}
 z - a potion of lignification {unknown}
 C - a potion of brilliance {unknown}
 F - a potion of heal wounds {unknown}
 G - a potion of curing {unknown}
 I - a potion of invisibility {unknown}


   Skills:
 - Level 1.7 Short Blades
 + Level 3.1 Ranged Weapons
 - Level 1.0 Throwing
 + Level 3.4 Armour
 - Level 3.0 Stealth
 - Level 2.0 Spellcasting
 - Level 2.0 Translocations


You had 7 spell levels left.
You knew the following spells:

 Your Spells              Type           Power      Damage    Failure   Level
p - Apportation           Tloc           12%        N/A       9%          1

Your spell library contained the following spells:

 Spells                   Type           Power      Damage    Failure   Level
 Slow                     Hex            4%         N/A       21%         1
 Summon Small Mammal      Summ           4%         N/A       21%         1
 Gell's Gravitas          Tloc           6%         N/A       26%         3
 Portal Projectile        Hex/Tloc       6%         N/A       38%         3
 Call Canine Familiar     Summ           1%         N/A       50%         3
 Confusing Touch          Hex            1%         N/A       50%         3
 Stone Arrow              Conj/Erth      2%         3d7       50%         3
 Summon Guardian Golem    Hex/Summ       1%         N/A       50%         3
 Vampiric Draining        Necr           1%         2d6       50%         3
 Dragon Form              Tmut           0%         N/A       100%        7
 Necromutation            Tmut/Necr      0%         N/A       100%        8


Dungeon Overview and Level Annotations

Branches:
Dungeon (4/15)
 Temple: D:4-7

Altars:
Ru

Shops:
D:1 ::*   D:2 =


Innate Abilities, Weirdness & Mutations

You have sharp fingernails.
You sometimes lose the ability to drink potions when taking damage.


Message History

Ye kill tha orc!
Nay target in view!
Ye now haf 153 gold pieces (gain'd 6).
Ye start restin'.
HP restored.
Health restored: 35 Thin's tha be 'ere: a +0 trident; an orc corpse Ye op'n tha door.
Found a glowin' sil'er altar o' Zin.
Thar be an op'n door 'ere.
Thar be an op'n door 'ere.
I - a murky black potion Ye see 'ere a +0 leathar armour.
Found a stone staircase leadin' up.
A gnoll comes inta view.
It be wieldin' a +0 halberd.
A gnoll comes inta view.
It be wieldin' a +0 halberd.
Tha gnoll shouts! x2; Ye hear a shout!
Ye slash tha gnoll!
Tha gnoll be severely wounded.
Tha gnoll hits ye wit' a +0 halberd.
Tha gnoll closely misses ye.
Tha gnoll hits ye wit' a +0 halberd!
Ye feel threaten'd an' lose tha ability ta drink potions!
Tha gnoll hits ye from afar wit' a +0 halberd.
Ye take 15 damage, an' haf 20/35 hp.
MASSIVE DAMAGE!!
Ye closely miss tha gnoll.
Tha gnoll be severely wounded.
Tha gnoll closely misses ye.
Tha gnoll hits ye from afar wit' a +0 halberd!
Ye take 7 damage, an' haf 13/35 hp.
Ye be too injured ta fight recklessly!
Ye be too injured ta fight recklessly!
Ye be too injured ta fight recklessly!
Ye barely miss tha gnoll.
Tha gnoll be severely wounded.
Tha gnoll barely misses ye.
Tha gnoll hits ye from afar wit' a +0 halberd!
* * * LOW HITPOINT WARNIN'
* * * Tha gnoll hits ye but does nay damage.
Tha gnoll hits ye wit' a +0 halberd.
Ye die...

#..# #..#
##.# #<.#
#[###..# .#
#.#....##.##
#.#.....$...
#...#..?.#..
#..##....##
#..#......#
#.##@g##..#
#.#..## #..#
#.#.g# ..#
#.##.. ##
#.. ##.. ..


You could see 2 gnolls.

Vanquished Creatures
  An orc priest (D:3)
  Ijyb (D:3)
  Robin (D:2)
  3 gnolls (D:2)
  5 adders
  2 worms (D:2)
  2 dart slugs
  5 orcs
  9 bats
  4 endoplasms
  16 goblins
  6 hobgoblins (D:1)
  6 jackals
  7 kobolds
  4 quokkas
  4 ball pythons
  7 frilled lizards
  7 rats
90 creatures vanquished.

Notes
Turn   | Place    | Note
-------+----------+-------------------------------------------
     0 | D:1      | ProzacElf the Demonspawn Wanderer began the quest for the
                  | Orb.
     0 | D:1      | ProzacElf set off with the following items: a +0 short
                  | sword, a +0 pair of gloves, a scroll of butterflies, a +0
                  | robe; and the following spell memorised: Apportation; and
                  | the following spells available to memorise: Gell's
                  | Gravitas, Portal Projectile.
     0 | D:1      | Reached XP level 1. HP: 13/13 MP: 2/2
   653 | D:1      | Found Eduigo's Book Boutique.
   947 | D:1      | Found Zaaqu's Book Emporium.
  1049 | D:1      | Gained mutation: You have sharp fingernails. [demonic
                  | ancestry]
  1049 | D:1      | Reached XP level 2. HP: 17/19 MP: 4/4
  1523 | D:1      | Found Kipeps's General Store.
  1526 | D:1      | Bought a potion of degeneration for 10 gold pieces
  1526 | D:1      | Bought a scroll of teleportation for 30 gold pieces
  1734 | D:1      | Reached XP level 3. HP: 24/24 MP: 6/6
  1810 | D:2      | Noticed Robin
  2007 | D:1      | Reached skill level 1 in Ranged Weapons
  2226 | D:2      | Killed Robin
  2518 | D:2      | Identified the +4 war axe of Laceration {vorpal, rF+ rN+
                  | Will-}
  2618 | D:2      | Reached XP level 4. HP: 30/30 MP: 7/7
  2788 | D:2      | Found a faded altar of an unknown god.
  2798 | D:2      | Prayed at the altar of an unknown god.
  2798 | D:2      | Became a worshipper of Ru the Awakened
  2805 | D:2      | Gained mutation: You occasionally lose the ability to drink
                  | potions when taking damage. [Ru sacrifice]
  2805 | D:2      | Gained mutation: You sometimes lose the ability to drink
                  | potions when taking damage. [Ru sacrifice]
  2805 | D:2      | Reached * piety under Ru
  2903 | D:2      | Found Deaczaul's Jewellery Shop.
  3307 | D:3      | Reached XP level 5. HP: 35/35 MP: 8/8
  3318 | D:3      | Noticed Ijyb
  3331 | D:3      | Killed Ijyb
  4086 | D:3      | Got the Octavo of Arenous Forms
  4345 | D:4      | Slain by a gnoll

Illustrated notes

Levels and vault maps discovered:
D:1:      psy_arrival_spokes, layout_loops_corners, serial_shops, shop,
          nicolae_diamond_shop, shop, minmay_pentomino_q2
D:2:      layout_rooms, basic_ecumenical_altar, serial_shops,
          nicolae_shop_crystal, chequers_serial_rivers_large_b,
          minmay_statues_item, feat_on_display, uniq_robin
D:3:      minmay_octagon_keep, layout_basic, uniq_ijyb
D:4:      wad_river_or_something, layout_loops_ring, zin_treasury,
          minmay_misc_feat_iff, uniq_menkaure

Skill      XL: |  1  2  3  4  5 |
---------------+----------------+-----
Translocations | 2 |  2.0
Stealth        | 3 |  3.0
Spellcasting   | 2 |  2.0
Ranged Weapons | 1 2 3 |  3.1
Armour         | 2 3 |  3.4
Short Blades   | |  1.7
Throwing       | |  1.0

Action                   |  1- 3 |  4- 6 || total
-------------------------+-------+-------++-------
Melee: Short sword       |    60 |       ||    60
       War axe           |       |    81 ||    81
 Fire: Sling             |    65 |    58 ||   123
Invok: Sacrifice Drink   |       |     1 ||     1
 Stab: Distracted        |       |     1 ||     1
       Sleeping          |       |     3 ||     3
Armor: Ring mail         |    65 |    51 ||   116
       Robe              |     2 |       ||     2
Dodge: Dodged            |    55 |    58 ||   113
